 Dungeon Crawl Stone Soup version 0.29-a0-789-g7a8fcbc185 (webtiles) character file.

Game seed: 13953529778493177859

14 cbfl8 the Chopper (level 2, -1/29 HPs)
             Began as a Troll Berserker on July 2, 2022.
             Was a Follower of Trog.
             Slain by a kobold
             ... wielding a +2 dagger of venom
              (3 damage)
             ... on level 1 of the Dungeon.
             The game lasted 00:01:47 (357 turns).

cbfl8 the Chopper (Troll Berserker)                  Turns: 357, Time: 00:01:48

Health: -1/29      AC:  4    Str: 24    XL:     2   Next: 27%
Magic:  1/1        EV: 10    Int:  3    God:    Trog [*.....]
Gold:   20         SH:  0    Dex:  9    Spells: 1/1 levels left

rFire   . . .      SeeInvis .   a - +0 hand axe
rCold   . . .      Faith    .   (no shield)
rNeg    . . .      Spirit   .   b - +0 animal skin
rPois   .          Reflect  .   (helmet restricted)
rElec   .          Harm     .   (no cloak)
rCorr   .          Rampage  .   (gloves unavailable)
Will    .....                   (boots unavailable)
Stlth   +.........              (no amulet)
HPRegen 0.89/turn               (no ring)
MPRegen 0.07/turn               (no ring)

@: lethally poisoned (-1 -> -24)
A: large, unfitting armour, claws 3, regeneration 1, shaggy fur 1, tough skin 1
a: Renounce Religion, Berserk


You were on level 1 of the Dungeon.
You worshipped Trog.
Trog was aware of your devotion.
You visited 1 branch of the dungeon, and saw 1 of its levels.

You collected 20 gold pieces.

Inventory:

Hand Weapons
 a - a +0 hand axe (weapon)
Armour
 b - a +0 animal skin (worn)
 e - a +0 pair of boots
 h - a +0 scale mail
Scrolls
 d - a scroll of teleportation {unknown}
 f - a scroll of enchant weapon {unknown}
 g - a scroll of identify {unknown}
Potions
 c - a potion of lignification {unknown}


   Skills:
 + Level 2.6 Fighting
 + Level 2.6 Axes
 + Level 2.6 Dodging


You had one spell level left.
You didn't know any spells.
Your spell library was empty.

Dungeon Overview and Level Annotations

Branches:
Dungeon (1/15)

Altars:


Innate Abilities, Weirdness & Mutations

You are too large for most types of armour.
You have claws for hands.
Your natural rate of healing is unusually fast.
You are covered in fur. (AC +1)
You have tough skin. (AC +1)


Message History

A quokka comes into view.
The quokka bites you.
You slash the quokka!
You kill the quokka!
Trog accepts your kill.
You see here a quokka corpse.
A kobold comes into view. It is wielding a +2 dagger of venom.
The kobold shouts!
The kobold hits you with a +2 dagger of venom.
You are poisoned.
You feel sick. The kobold hits you but does no damage.
The kobold attacks as you move away!
The kobold hits you with a +2 dagger of venom.
You are more poisoned.
You feel very sick.
You hit the kobold but do no damage.
You feel very sick.
The kobold hits you with a +2 dagger of venom.
You are more poisoned.
You closely miss the kobold.
You feel very sick. The kobold closely misses you.
You hit the kobold.
The kobold is severely wounded.
You feel very sick. The kobold hits you but does no damage.
You are more poisoned.
You hit the kobold but do no damage.
The kobold is moderately wounded.
You feel very sick. The kobold hits you but does no damage.
You are lethally poisoned!
You hit the kobold but do no damage.
The kobold is moderately wounded.
* * * LOW HITPOINT WARNING * * *
You feel very sick.
The kobold hits you with a +2 dagger of venom.
* * * LOW HITPOINT WARNING * * *
You are more poisoned.
The kobold hits you with a +2 dagger of venom.
You die...

#............##
#..............
#..............
#..............
#.............♣
##..........>.♣♣
####....####.##..♣
#....##.# #. #.#♣
#.@K.# .# #. #.#
#.......# #.#
#...##### #.
.....# .##...# ♣
#♣#♣#


You could see a kobold.

Vanquished Creatures
  An endoplasm (D:1)
  A giant cockroach (D:1)
  A goblin (D:1)
  2 hobgoblins (D:1)
  2 kobolds (D:1)
  A quokka (D:1)
  2 ball pythons (D:1)
  A bat (D:1)
  A rat (D:1)
12 creatures vanquished.

Notes
Turn   | Place    | Note
-------+----------+-------------------------------------------
     0 | D:1      | cbfl8 the Troll Berserker began the quest for the Orb.
     0 | D:1      | Reached XP level 1. HP: 22/22 MP: 0/0
   172 | D:1      | Reached XP level 2. HP: 29/29 MP: 1/1
   222 | D:1      | Found a faded altar of an unknown god.
   357 | D:1      | Slain by a kobold

Illustrated notes

Levels and vault maps discovered:
D:1:      matt_arrival_grand_opening, layout_rooms, serial_forest,
          infiniplex_forest_3_way, infiniplex_forest_lined_room_2,
          infiniplex_forest_corner_1, infiniplex_forest_end_1,
          infiniplex_forest_lined_ring, infiniplex_forest_straight_2,
          infiniplex_forest_lined_room_2, ebering_ecumenical_altar_mist

Action                   || total
-------------------------++-------
Melee: Hand axe          ||    46
       Punch             ||     1
Armor: Animal skin       ||    35
Dodge: Dodged            ||    21

Table legend: (Time is in decaauts)
 A = Elapsed time spent in this place.
 B = Non-inter-level travel time spent in this place.
 C = Inter-level travel time spent in this place.
 D = Time resting spent in this place.
 E = Time spent auto-exploring this place.
 F = Levels seen in this place.
 G = Mean time per level.
                   A        B        C        D        E       F      G
               +--------+--------+--------+--------+--------+-----+--------+
         Total |    364 |    364 |      0 |      0 |      0 |   1 |  364.0 |
       Dungeon |    364 |    364 |      0 |      0 |      0 |   1 |  364.0 |
               +--------+--------+--------+--------+--------+-----+--------+

Top non-repeatable levels by time:
     D:1: 364 daAuts
